 Dungeon Crawl Stone Soup version 0.22.1-2-g9c5b331 (webtiles) character file.

221 Fang the Chopper (level 5, -2/33 HPs)
             Began as a Gargoyle Berserker on Dec 12, 2018.
             Was a Believer of Trog.
             Killed from afar by an orc wizard (12 damage)
             ... with a magic dart
             ... on level 3 of the Dungeon.
             The game lasted 00:02:44 (2652 turns).

Fang the Chopper (Gargoyle Berserker)               Turns: 2652, Time: 00:02:44

Health: -2/33      AC:  6    Str: 22    XL:     5   Next: 98%
Magic:  5/5        EV: 12    Int:  7    God:    Trog [**....]
Gold:   91         SH:  0    Dex:  9    Spells: 4/4 levels left

rFire    . . .     SeeInvis .   a - +0 hand axe
rCold    . . .     Gourm    .   (no shield)
rNeg     + . .     Faith    .   b - +0 animal skin
rPois    ∞         Spirit   .   (no helmet)
rElec    +         Reflect  .   (no cloak)
rCorr    .         Harm     .   (no gloves)
MR       .....                  (no boots)
Stlth    +.........             (no amulet)
HPRegen  0.11/turn              (no ring)
MPRegen  0.09/turn              (no ring)

@: berserk cooldown, slowed, very slow
A: negative energy resistance 1, electricity resistance, unbreathing,
petrification resistance, rot immunity, AC +4
a: Berserk, Trog's Hand, Renounce Religion


You were on level 3 of the Dungeon.
You worshipped Trog.
Trog was pleased with you.
You were hungry.

You visited 1 branch of the dungeon, and saw 3 of its levels.

You collected 91 gold pieces.

Inventory:

Hand Weapons
 a - a +0 hand axe (weapon)
Armour
 b - a +0 animal skin (worn)
Scrolls
 e - a scroll of magic mapping {unknown}
 f - 2 scrolls of teleportation {unknown}
 h - a scroll of remove curse
 j - 2 scrolls of enchant weapon {unknown}
 m - a scroll of identify {unknown}
Potions
 d - a potion of magic {unknown}
 g - 2 potions of invisibility {unknown}
 i - 3 potions of flight {unknown}
 k - a potion of degeneration {unknown}
 l - a potion of cancellation {unknown}
 o - a potion of curing {unknown}
 p - a potion of lignification {unknown}
Comestibles
 c - 5 rations


   Skills:
 + Level 4.3 Fighting
 + Level 4.6 Axes
 + Level 2.2 Armour
 + Level 2.7 Dodging
 + Level 0.9 Stealth


You had 4 spell levels left.
You didn't know any spells.
Your spell library was empty.

Dungeon Overview and Level Annotations

Branches:
Dungeon (3/15)

Altars:
Ashenzari
Dithmenos

Annotations:
D:3 3 runed doors


Innate Abilities, Weirdness & Mutations

You are resistant to torment.
Your stone body is resilient. (AC +4)
You are immune to poison.
You resist negative energy. (rN+)
You are resistant to electric shocks. (rElec)
You can survive without breathing.
You are immune to petrification.
You are immune to rotting.


Message History

You hit the orc priest.
You kill the orc priest!
Trog accepts your kill.
You barely miss something.
You hear some strange, mumbled words.
A magic dart appears from out of thin air!
The magic dart hits you!
You completely miss something.
You are no longer berserk.
You are exhausted.
You feel yourself slow down. Something hits you but does no damage.
You see here a hand axe.
You bump into the rock wall.
You feel less confused.
Something hits you but does no damage. x2
Unknown command.
You hear some strange, mumbled words.
A magic dart appears from out of thin air!
The magic dart hits you!
You die...

#.......# #.......#
#####'#####
..#.......# ..
#.#.#.###.# ...
#.#.#...#'###...
#.#.#.#.........
#######.#.###........#
#.....)@#............#
#..####{######.......#
.......)######.......#
###.###......'.......#
#..#####.......#
#..............#
+....#############
###..# #..#


There were no monsters in sight!

Vanquished Creatures
  An ogre (D:2)
  An orc priest (D:3)
  2 adders (D:2)
  A gnoll (D:1)
  An ooze (D:3)
  A worm (D:2)
  2 dart slugs
  4 orcs (D:3)
  3 giant cockroaches
  14 goblins
  4 hobgoblins
  7 jackals
  9 bats
  A frilled lizard (D:1)
  9 kobolds
  6 rats
66 creatures vanquished.

Notes
Turn   | Place    | Note
-------+----------+-------------------------------------------
     0 | D:1      | Fang the Gargoyle Berserker began the quest for the Orb.
     0 | D:1      | Reached XP level 1. HP: 14/14 MP: 1/1
    92 | D:1      | Reached XP level 2. HP: 7/19 MP: 2/2
   473 | D:1      | Reached XP level 3. HP: 7/24 MP: 3/3
   793 | D:1      | Reached ** piety under Trog
  1210 | D:2      | Found a shadowy altar of Dithmenos.
  1441 | D:2      | Noticed an ogre
  1452 | D:2      | Killed an ogre
  1452 | D:2      | Reached XP level 4. HP: 29/29 MP: 4/4
  1452 | D:2      | Reached XP level 5. HP: 33/33 MP: 5/5
  2177 | D:3      | Found a faded altar of an unknown god.
  2464 | D:3      | Found a shattered altar of Ashenzari.
  2550 | D:3      | Found a runed gate.
  2550 | D:3      | Found a runed gate.
  2550 | D:3      | Found a runed gate.
  2652 | D:3      | Killed from afar by an orc wizard

Skill      XL: |  1  2  3 |
---------------+----------+-----
Axes           | 3 4 |  4.6
Fighting       | 4 |  4.3
Dodging        | 2 |  2.7
Armour         | |  2.2
Stealth        | |  0.9

Action                   |  1- 3 |  4- 6 || total
-------------------------+-------+-------++-------
Melee: Hand axe          |   137 |    98 ||   235
       War axe           |       |    39 ||    39
Invok: Berserk           |     2 |     1 ||     3
  Use: Scroll            |       |     1 ||     1
 Stab: Sleeping          |       |     1 ||     1
  Eat: Chunk             |     2 |     6 ||     8
Armor: Animal skin       |    71 |    64 ||   135
Dodge: Dodged            |   125 |    99 ||   224
